 Dungeon Crawl Stone Soup version 0.31.0-9-g3a7656b989 (webtiles) character file.

Game seed: 13437906926276003043

94231 Majang the Thaumaturge (level 15, -7/124 HPs)
             Began as a Grey Draconian Air Elementalist on Jan 29, 2024.
             Was a High Priest of Vehumet.
             Mangled by a tentacle (8 damage)
             ... attached to a kraken
             ... on level 2 of the Shoals on Jan 30, 2024.
             The game lasted 03:11:39 (31033 turns).

Majang the Thaumaturge (DrAE)                      Turns: 31033, Time: 03:11:40

Health: -7/124     AC: 22    Str: 14    XL:     15   Next: 62%
Magic:  24/40      EV: 16    Int: 28    God:    Vehumet [*****.]
Gold:   1233       SH:  6    Dex: 17    Spells: 15/39 levels left

rFire   + + .        a - +2 hammer "Ukhoukenk" {holy, Will+ MP+9 Int+2}
rCold   + . .        n - +0 buckler
rNeg    + . .        (body armour unavailable)
rPois   .            (helmet restricted)
rElec   .            y - +2 cloak
rCorr   .            B - +2 pair of gloves
SInv    .            H - +1 pair of boots of Refuge {Str+3}
Will    ++...        (no amulet)
Stlth   ++           r - ring of protection from cold
HPRegen 0.40/turn    x - ring "Zituro" {rF++ rN+ Int+3 Dex+6}
MPRegen 0.27/turn

%: no passive effects
@: no status effects
A: AC +14, amphibious, unfitting armour, cold-blooded
a: Renounce Religion


You were on level 2 of the Shoals.
You worshipped Vehumet.
Vehumet was extremely pleased with you.
You visited 5 branches of the dungeon, and saw 22 of its levels.
You also visited: Volcano.

You collected 2457 gold pieces.
You spent 1224 gold pieces at shops.

Inventory:

Hand Weapons
 a - the +2 hammer "Ukhoukenk" (weapon) {holy, Will+ MP+9 Int+2}
   (You found it on level 6 of the Dungeon)

   Int+2:     It affects your intelligence (+2).
   Will+:     It increases your willpower.
   MP+9:      It affects your magic capacity (+9).
 b - the +9 lance "Wyrmbane" {slay drac, rPois rF+ rC+ AC+3}
   (You took it off Maggie on level 8 of the Dungeon)

   AC+3:      It affects your AC (+3).
   rF+:       It protects you from fire.
   rC+:       It protects you from cold.
   rPois:     It protects you from poison
 e - a +5 quarterstaff of flaming
Missiles
 O - 11 javelins
Armour
 n - a +0 buckler (worn)
 y - a +2 cloak (worn)
 B - a +2 pair of gloves (worn)
 H - the +1 pair of boots of Refuge (worn) {Str+3}
   (You found it on level 7 of the Dungeon)

   Str+3:     It affects your strength (+3).
Jewellery
 c - a ring of willpower
 p - a ring of wizardry
 r - a ring of protection from cold (left hand)
 s - a ring of ice
 x - the ring "Zituro" (right hand) {rF++ rN+ Int+3 Dex+6}
   (You bought it in a shop on level 1 of the Shoals)

   [ring of dexterity]

   Int+3:     It affects your intelligence (+3).
   Dex+6:     It affects your dexterity (+6).
   rF++:      It greatly protects you from fire.
   rN+:       It protects you from negative energy.
 P - a +5 ring of evasion
Wands
 f - a wand of polymorph (25)
 o - a wand of flame (14)
 D - a wand of paralysis (17)
 F - a wand of digging (12)
 J - a wand of quicksilver (2)
 K - a wand of iceblast (8)
Scrolls
 j - a scroll of amnesia
 l - 4 scrolls of teleportation
 m - a scroll of fog
 q - 3 scrolls of poison
 t - a scroll of vulnerability
 u - 4 scrolls of revelation
 E - a scroll of immolation
 Q - a scroll of enchant armour
Potions
 g - 7 potions of cancellation
 h - 3 potions of brilliance
 i - 7 potions of curing
 k - 3 potions of mutation
 v - 3 potions of enlightenment
 w - 6 potions of might
 z - a potion of berserk rage
 G - 9 potions of haste
 I - 2 potions of heal wounds
 N - 3 potions of invisibility
Miscellaneous
 d - a lightning rod (4/4)
 A - a condenser vane (inert)


   Skills:
 + Level 9.3 Fighting
 + Level 1.7(5.3) Polearms
 - Level 8.0(8.1) Staves
 + Level 7.8 Dodging
 - Level 1.7 Stealth
 - Level 6.0 Shields
 * Level 12.7 Spellcasting
 + Level 9.7 Conjurations
 * Level 11.4 Air Magic
 + Level 10.5 Earth Magic
 + Level 8.2 Evocations


You had 15 spell levels left.
You knew the following spells:

 Your Spells              Type           Power      Damage    Failure   Level
a - Sandblast             Erth           100%       2d20      1%          1
b - Stone Arrow           Conj/Erth      100%       3d13      1%          3
d - Static Discharge      Conj/Air       100%       3-8/arc   1%          2
k - Conjure Ball Lightni  Conj/Air       33%        3x3d11    2%          6
l - Lee's Rapid Deconstr  Erth           33%        3d17*     1%          5
t - Airstrike             Air            34%        2d(5-21)  1%          4
w - Passwall              Erth           67%        N/A       1%          3

Your spell library contained the following spells:

 Spells                   Type           Power      Damage    Failure   Level
 Ozocubu's Refrigeration  Ice            8%         4d9       99%         7
 Freeze                   Ice            68%        1d8       1%          1
 Magic Dart               Conj           100%       1d8       1%          1
 Shock                    Conj/Air       100%       1d9       1%          1
 Sting                    Conj/Alch      100%       1d9       1%          1
 Mercury Vapours          Alch/Air       98%        N/A       1%          2
 Searing Ray              Conj           100%       2d8       1%          2
 Hailstorm                Conj/Ice       45%        3d10      1%          3
 Swiftness                Air            69%        N/A       1%          3
 Brom's Barrelling Bould  Conj/Erth      65%        2d8       1%          4
 Fulminant Prism          Conj/Alch      22%        3d12      1%          4
 Iskenderun's Mystic Bla  Conj/Tloc      45%        2d10      1%          4
 Necrotise                Necr           68%        1d7       3%          1
 Frozen Ramparts          Ice            34%        1d6       3%          3
 Summon Lightning Spire   Summ/Air       49%        N/A       3%          4
 Ensorcelled Hibernation  Hex/Ice        34%        N/A       6%          2
 Ignite Poison            Fire/Alch      17%        N/A       11%         4
 Olgreb's Toxic Radiance  Alch           17%        N/A       11%         4
 Sticky Flame             Fire/Alch      17%        2d5       11%         4
 Tukima's Dance           Hex            17%        N/A       12%         3
 Vampiric Draining        Necr           17%        2d7       12%         3
 Dimensional Bullseye     Hex/Tloc       8%         N/A       36%         4
 Martyr's Knell           Necr/Summ      17%        N/A       36%         4
 Curse of Agony           Necr           17%        N/A       71%         5
 Ignition                 Fire           8%         3d5       100%        8
 Animate Armour           Summ/Erth      Unusable   N/A       N/A         4

Dungeon Overview and Level Annotations

Branches:
Dungeon (12/15)            Temple (1/1) D:4            Lair (5/5) D:10
 Shoals (2/4) Lair:3        Snake (0/4) Lair:3        Slime (0/5) Lair:4
    Orc (2/2) D:11            Elf (0/3) Orc:2       Volcano (visited)

Altars:
Cheibriados
Elyvilon
Gozag
Hepliaklqana
Makhleb
Qazlal
Ru
Sif Muna
Uskayaw
Vehumet
Wu Jian
Xom
Yredelemnul
Zin
The Shining One
Jiyva

Shops:
D:3 [   D:5 ?   D:11 [(   Orc:2 :(((   Shoals:1 =

Annotations:
Orc:1 2 transporters, Amplified's ghost, journeyman TeRe


Innate Abilities, Weirdness & Mutations

Your dull iron-grey scales are very hard. (AC +14)
You are amphibious.
You cannot fit into any form of body armour.
You are cold-blooded and may be slowed by cold attacks.


Message History

The bolt of dispelling energy hits the tentacle!!
The tentacle is heavily wounded.
The tentacle slaps you but does no damage.
The kraken bites you but does no damage.
You block the tentacle's attack. The tentacle slaps you!
The tentacle slaps you. You block the kraken's attack.
Aiming: Quicksilver Bolt
Press: ? - help, Shift-Dir - straight line, f/p - kraken
Aim: a kraken (ink, water, almost dead, 100% to hit)
The bolt of dispelling energy hits the kraken!
The kraken is almost dead.
The tentacle slaps you but does no damage.
You block the tentacle's attack.
The tentacle slaps you but does no damage.
The tentacle slaps you.
* * * LOW HITPOINT WARNING * * *
A tentacle segment bursts forth from the water. x2
The tentacle misses you. The tentacle barely misses you.
The tentacle closely misses you. The kraken bites you!!
* * * LOW HITPOINT WARNING * * *
The tentacle barely misses you.
Okay, then.
You feel much better. The tentacle barely misses you. The tentacle slaps you.
* * * LOW HITPOINT WARNING * * *
The tentacle slaps you but does no damage.
The tentacle slaps you.
* * * LOW HITPOINT WARNING * * *
The kraken completely misses you. The tentacle slaps you.
* * * LOW HITPOINT WARNING * * *
The tentacle barely misses you. You block the tentacle's attack.
Clouds condense from the air!
The condenser dries out!
The tentacle slaps you but does no damage.
The kraken barely misses you. The tentacle closely misses you.
You block the tentacle's attack.
The tentacle slaps you but does no damage.
The tentacle slaps you!
* * * LOW HITPOINT WARNING * * *
The kraken squirts a massive cloud of ink into the water!
The tentacle slaps you!
You die...

≈≈≈≈≈≈≈≈≈≈≈≈≈≈≈≈≈≈≈≈≈≈~~~~~
≈≈≈≈≈≈≈≈≈≈≈≈≈≈≈≈≈≈≈≈≈≈~~~~~
≈≈≈≈≈≈≈≈≈≈≈≈≈≈≈≈≈≈≈≈≈≈~~~≈≈
≈≈≈≈≈≈≈≈≈≈≈≈≈≈≈≈≈≈≈≈≈≈~~~~≈
≈≈≈≈≈≈≈≈≈≈≈≈≈≈≈≈≈≈≈≈≈≈~~~~≈
≈≈≈≈≈≈≈≈≈≈≈≈≈≈≈≈≈≈≈≈≈~~~~~~
≈≈≈≈≈≈≈≈§§§§§≈≈≈≈≈≈≈≈≈~~..~
≈≈≈≈≈≈≈≈§Xww§≈≈≈≈≈≈≈≈≈≈~~~~
≈≈≈≈≈≈≈≈§w@§§≈≈≈≈≈≈≈≈≈≈≈≈≈≈
≈≈≈≈≈≈≈≈§w§§§≈≈≈≈≈≈≈≈≈≈≈≈≈≈
≈≈≈≈≈≈≈§§§§§§≈≈≈≈≈≈≈≈≈≈≈≈≈≈
≈≈≈≈≈≈§≈§≈≈≈≈≈≈≈≈≈≈≈≈≈≈≈≈≈≈
###########################


You could see a kraken and 4 tentacles.

Vanquished Creatures
  2 krakens (Shoals:1)
  A stone giant (Volcano)
  3 merfolk impalers
  2 hydras (Lair:5)
  2 centaur warriors
  A merfolk avatar (Lair:5)
  3 two-headed ogres
  3 boulder beetles
  8 death yaks
  An orc high priest (Orc:2)
  6 skysharks
  4 sea snakes
  8 orc knights
  7 harpies
  3 orc sorcerers
  4 fauns
  7 cyclopes
  A salamander (Lair:3)
  2 ugly things
  6 manticores
  5 merfolk sirens
  3 black mambas (Lair:3)
  4 gargoyles
  3 water nymphs
  2 molten gargoyles (Volcano)
  2 torpor snails
  8 elephants
  15 cane toads
  A kobold demonologist (D:9)
  An unseen horror (D:7)
  2 efreet
  5 rime drakes
  Maggie (D:8)
  10 komodo dragons
  Psyche (D:10)
  3 polar bears
  8 trolls
  13 merfolk
  26 blink frogs
  9 saltlings (Orc:2)
  A hornet (Lair:5)
  4 wind drakes
  8 dream sheep
  4 snapping turtles
  Sigmund (D:4)
  A shadow (D:11)
  A wraith (D:12)
  A fire elemental (Volcano)
  5 wyverns
  A water elemental (Shoals:2)
  61 yaks
  Eustachio (D:5)
  A vampire (D:10)
  2 fire bats (Volcano)
  4 steam dragons
  2 wargs
  5 basilisks
  3 nagas (Lair:3)
  2 acid dragons
  14 water moccasins
  2 black bears (D:7)
  16 orc warriors
  2 ice beasts
  6 ogres
  14 wolves
  5 centaurs
  6 kobold brigands
  2 phantoms
  20 bullfrogs
  A scorpion (D:4)
  2 earth elementals (Volcano)
  9 wights
  10 killer bees
  6 electric eels
  7 howler monkeys
  8 lava snakes
  A bombardier beetle (D:6)
  3 hounds
  21 orc priests
  17 jellies
  Crazy Yiuf (D:6)
  A gnoll bouda (D:7)
  Ijyb (D:4)
  6 iguanas
  2 sleepcaps
  16 orc wizards
  7 hell rats
  3 gnolls (D:2)
  4 adders
  2 shadow imps (D:7)
  4 white imps
  2 ufetubi (D:5)
  A ribbon worm (D:3)
  2 dart slugs (D:2)
  76 orcs
  2 bats
  8 endoplasms
  A giant cockroach (D:4)
  7 goblins
  4 hobgoblins
  9 jackals
  3 quokkas
  6 ball pythons
  4 frilled lizards
  17 kobolds
  5 rats
  6 tentacles
676 creatures vanquished.

Vanquished Creatures (collateral kills)
  4 ball lightnings
4 creatures vanquished.

Vanquished Creatures (others)
  An endoplasm (D:4)
  76 ball lightnings
  8 tentacles (Shoals:1)
85 creatures vanquished.

Grand Total: 765 creatures vanquished

Notes
Turn   | Place    | Note
-------+----------+-------------------------------------------
     0 | D:1      | Majang the Draconian Air Elementalist began the quest for
                  | the Orb.
     0 | D:1      | Reached XP level 1. HP: 14/14 MP: 3/3
   432 | D:1      | Reached XP level 2. HP: 20/20 MP: 3/5
   849 | D:2      | Reached XP level 3. HP: 26/26 MP: 1/7
   963 | D:2      | Learned a level 2 spell: Static Discharge
  1116 | D:2      | Reached skill level 3 in Spellcasting
  1314 | D:2      | Reached XP level 4. HP: 33/33 MP: 6/8
  1487 | D:2      | Learned a level 4 spell: Airstrike
  1766 | D:3      | Found a faded altar of an unknown god.
  1851 | D:3      | Noticed an animated pearl dragon scales
  1853 | D:3      | Found Ikhlumuk's Armour Shoppe.
  1892 | D:3      | Noticed an animated plate armour
  2310 | D:4      | Noticed Sigmund
  2465 | D:4      | Noticed an ogre
  2471 | D:4      | Killed an ogre
  2472 | D:4      | Reached skill level 4 in Spellcasting
  2472 | D:4      | Reached XP level 5. HP: 37/38 MP: 2/11
  2685 | D:4      | Reached XP level 6. HP: 26/45 MP: 7/12
  3224 | D:4      | Found a staircase to the Ecumenical Temple.
  3233 | Temple   | Entered the Ecumenical Temple
  3255 | Temple   | Became a worshipper of Vehumet
  3436 | D:4      | Noticed Ijyb
  3441 | D:4      | Noticed an ice beast
  3446 | D:4      | Killed Ijyb
  3455 | D:4      | Killed an ice beast
  3456 | D:4      | Reached skill level 5 in Spellcasting
  3456 | D:4      | Your scales start taking on a dull iron-grey colour.
  3456 | D:4      | Reached XP level 7. HP: 50/50 MP: 7/14
  3462 | D:4      | Learned a level 5 spell: Lee's Rapid Deconstruction
  3774 | D:4      | Killed Sigmund
  3775 | D:4      | Reached skill level 1 in Earth Magic
  3912 | D:5      | Entered Level 5 of the Dungeon
  3947 | D:5      | You fall into a shaft and drop 2 floors!
  4000 | D:5      | Noticed Eustachio
  4009 | D:5      | Killed Eustachio
  4168 | D:5      | Reached XP level 8. HP: 57/57 MP: 1/16
  4321 | D:5      | Reached skill level 6 in Spellcasting
  4734 | D:5      | Found Tikeuco's Magic Scroll Shoppe.
  4747 | D:5      | Bought a scroll of identify for 22 gold pieces
  4747 | D:5      | Bought a scroll of identify for 22 gold pieces
  4747 | D:5      | Bought a scroll of identify for 22 gold pieces
  4747 | D:5      | Bought a scroll of identify for 22 gold pieces
  4925 | D:5      | Reached skill level 5 in Air Magic
  5038 | D:5      | Reached * piety under Vehumet
  5038 | D:5      | Offered knowledge of Magic Dart by Vehumet.
  5657 | D:6      | Noticed Edmund
  5659 | D:6      | Edmund changed into Edmund the bat
  5659 | D:6      | Noticed Edmund
  5660 | D:6      | Killed Edmund the bat
  5807 | D:6      | Found a runed translucent door.
  5808 | D:6      | Noticed Crazy Yiuf
  5814 | D:6      | Killed Crazy Yiuf
  5827 | D:6      | Identified the +2 hammer "Ukhoukenk" {holy, Will+ MP+9
                  | Int+2}
  6197 | D:6      | Reached skill level 1 in Fighting
  6322 | D:6      | Reached skill level 1 in Shields
  6322 | D:6      | Reached skill level 5 in Conjurations
  6322 | D:6      | Reached XP level 9. HP: 64/64 MP: 17/19
  6474 | D:6      | Reached skill level 1 in Staves
  6474 | D:6      | Reached skill level 1 in Evocations
  6797 | D:7      | Reached skill level 7 in Spellcasting
  7308 | D:7      | Learned a level 1 spell: Sandblast
  7312 | D:7      | Learned a level 3 spell: Stone Arrow
  7523 | D:7      | Offered knowledge of Freeze by Vehumet.
  7528 | D:7      | Reached ** piety under Vehumet
  7625 | D:7      | Identified the +1 pair of boots of Refuge {Str+3}
  7673 | D:7      | Killed an unseen horror
  8261 | D:8      | Reached XP level 10. HP: 65/75 MP: 20/21
  8494 | D:8      | Noticed Maggie
  8650 | D:8      | Killed Maggie
  9035 | D:8      | Reached skill level 5 in Earth Magic
  9147 | D:8      | Reached skill level 8 in Spellcasting
  9479 | D:9      | Offered knowledge of Volatile Blastmotes by Vehumet.
  9861 | D:9      | Reached *** piety under Vehumet
  9979 | D:9      | Noticed a two-headed ogre
  9986 | D:9      | Killed a two-headed ogre
 10317 | D:10     | Entered Level 10 of the Dungeon
 10335 | D:10     | Noticed Psyche
 10371 | D:10     | Found a staircase to the Lair.
 10837 | D:10     | Killed Psyche
 10837 | D:10     | Offered knowledge of Ignite Poison by Vehumet.
 11022 | D:10     | Reached XP level 11. HP: 47/84 MP: 1/23
 11338 | D:10     | Noticed a two-headed ogre
 11344 | D:10     | Killed a two-headed ogre
 11443 | D:10     | Noticed Urug
 11452 | D:10     | Urug changed into Urug the dream sheep
 11452 | D:10     | Noticed Urug
 11453 | D:10     | Killed Urug the dream sheep
 11829 | Lair:1   | Entered Level 1 of the Lair of Beasts
 11918 | Lair:1   | Noticed a boulder beetle
 11955 | Lair:1   | Reached skill level 5 in Fighting
 11955 | Lair:1   | Reached skill level 9 in Spellcasting
 11956 | Lair:1   | Killed a boulder beetle
 11956 | Lair:1   | Reached **** piety under Vehumet
 12319 | Lair:1   | Found a dark tunnel.
 12328 | Volcano  | Entered a volcano
 12433 | Volcano  | Offered knowledge of Yara's Violent Unravelling by Vehumet.
 12855 | Volcano  | Found a bloodstained altar of Trog.
 12864 | Volcano  | Reached XP level 12. HP: 45/94 MP: 9/25
 13002 | Volcano  | Noticed a stone giant
 13010 | Volcano  | Killed a stone giant
 13238 | Volcano  | Reached skill level 5 in Shields
 13329 | Lair:1   | Reached skill level 5 in Dodging
 13345 | Lair:1   | Reached skill level 5 in Staves
 13351 | Lair:1   | Reached skill level 5 in Evocations
 14067 | Lair:1   | Reached ***** piety under Vehumet
 14450 | Lair:2   | Offered knowledge of Eringya's Noxious Bog by Vehumet.
 14469 | Lair:2   | Noticed a death yak
 14522 | Lair:2   | Noticed a death yak
 14523 | Lair:2   | Noticed a death yak
 14528 | Lair:2   | Noticed a death yak
 14531 | Lair:2   | Killed a death yak
 14569 | Lair:2   | Reached skill level 10 in Spellcasting
 14972 | Lair:2   | Killed a death yak
 14976 | Lair:2   | Killed a death yak
 14981 | Lair:2   | Killed a death yak
 15674 | Lair:2   | Reached XP level 13. HP: 103/103 MP: 12/27
 16539 | Lair:3   | Found a staircase to the Snake Pit.
 17235 | Lair:3   | Found a staircase to the Shoals.
 17570 | Lair:4   | Found a staircase to the Slime Pits.
 17572 | Lair:4   | Found a viscous altar of Jiyva.
 17955 | Lair:4   | Offered knowledge of Starburst by Vehumet.
 18074 | Lair:4   | Found a shimmering altar of Xom.
 19165 | Lair:4   | Learned a level 3 spell: Passwall
 19184 | Lair:5   | Entered Level 5 of the Lair of Beasts
 19384 | Lair:5   | Reached skill level 11 in Spellcasting
 20100 | Lair:5   | Reached XP level 14. HP: 113/113 MP: 17/29
 20279 | Lair:5   | Reached skill level 10 in Air Magic
 22322 | D:11     | Identified the +4 shortbow of Corruption {drain, Str+4
                  | Dex+3}
 22381 | D:11     | Found Ofepn's Weapon Shoppe.
 22382 | D:11     | Found a staircase to the Orcish Mines.
 22411 | D:11     | Found Xairu's Armour Shoppe.
 22554 | Orc:1    | Entered Level 1 of the Orcish Mines
 22724 | Orc:1    | Offered knowledge of Conjure Ball Lightning by Vehumet.
 22831 | D:11     | Learned a level 6 spell: Conjure Ball Lightning
 23177 | Orc:1    | Found a transporter.
 23180 | Orc:1    | Noticed Amplified's ghost (journeyman TeRe)
 23186 | Orc:1    | Identified the +1 great mace of Vacylacs {distort, rN+}
 23186 | Orc:1    | Identified the +12 great mace "Pustas" {flame, rF- rN+
                  | Str+3}
 23190 | Orc:1    | Found a transporter.
 23392 | Orc:2    | Entered Level 2 of the Orcish Mines
 24411 | Orc:2    | Found a staircase to the Elven Halls.
 24696 | Orc:2    | Found Wuikhiw's Book Shoppe.
 24743 | Orc:2    | Reached skill level 12 in Spellcasting
 25378 | Orc:2    | Found Imnale's Antique Weapon Shop.
 25380 | Orc:2    | Found Peopeuw's Weapon Shop.
 25406 | Orc:2    | Found Igergh's Antique Weapon Boutique.
 26442 | D:12     | Reached XP level 15. HP: 123/123 MP: 31/31
 26989 | Shoals:1 | Entered Level 1 of the Shoals
 27088 | Shoals:1 | Offered knowledge of Ozocubu's Refrigeration by Vehumet.
 27102 | Lair:3   | Reached skill level 10 in Earth Magic
 27636 | Shoals:1 | Noticed a kraken
 27677 | Shoals:1 | Killed a kraken
 28878 | Shoals:1 | Noticed a kraken
 28889 | Shoals:1 | HP: 3/124 [spore (16)]
 28890 | Shoals:1 | Killed a kraken
 29372 | Shoals:1 | Found Hebasob's One-of-a-Kind Rings.
 29386 | Shoals:1 | Bought the ring "Zituro" {rF++ rN+ Int+3 Dex+6} for 1136
                  | gold pieces
 29651 | Shoals:2 | Reached skill level 1 in Polearms
 31017 | Shoals:2 | Noticed a kraken
 31033 | Shoals:2 | HP: 1/124 [tentacle[a kraken] (16)]
 31033 | Shoals:2 | Mangled by a tentacle

Illustrated notes

Levels and vault maps discovered:
D:1:      lemuel_arrival_hallway, layout_rooms, minmay_pentomino_z4
D:2:      layout_basic
D:3:      layout_basic, serial_shops, nicolae_shop_mannequins,
          shapermc_ecumenical_altar_hornbeckon
D:4:      layout_loops_ring, lemuel_temple_firewalk_b, uniq_sigmund, uniq_ijyb
D:5:      layout_basic, serial_shops, nicolae_shop_peninsula, uniq_eustachio
D:6:      nicolae_cairo_tiling_large_dashed, layout_loops_ring,
          uniq_crazy_yiuf_cottage, uniq_edmund
D:7:      minmay_bubble_buster, layout_rooms
D:8:      layout_loops_ring, minitemple, uniq_maggie
D:9:      layout_small_grid
D:10:     layout_loops_cross, erik_lair_orcish_takeover, chequers_arboretum,
          minivault_22, uniq_psyche, uniq_urug
D:11:     layout_rooms, orc_david_3
D:12:     layout_loops_corners
Temple:   nicolae_temple_superstar
Lair:1:   layout_cave_pods, enter_volcano_1, nicolae_lair_liquid_snakes
Lair:2:   layout_hall_layers, guppyfry_lair_drakes, infiniplex_staircase_pool,
          grunt_megastairs_3
Lair:3:   layout_regular_city, elwin_shoals_entry_rocks,
          alex1729_snake_entry_snake
Lair:4:   layout_gridlike, minmay_slime_entry_jelly_boxes, basic_altar,
          beast_lair_carwin_11, serial_bayou_shore_a
Lair:5:   gammafunk_lair_ancient_temple, layout_regular_city
Shoals:1: layout_shoals, nicolae_shop_unique_rings, nicolae_tricolors
Shoals:2: layout_shoals, nicolae_shoals_spectral_cove
Orc:1:    layout_diamond_mine, basic_altar, gammafunk_ghost_smash
Orc:2:    hellmonk_orc_salted, layout_diamond_mine

Skill      XL: |  1  2  3  4  5  6  7  8  9 10 11 12 13 14 15 |
---------------+----------------------------------------------+-----
Spellcasting   | 3 4 5 6 7 8 9 10 11 12 | 12.7
Conjurations   | 2 3 4 5 6 7 8 9 |  9.7
Air Magic      | 4 3 4 5 6 7 8 9 10 11 | 11.4
Earth Magic    | 2 3 4 5 6 7 8 9 10 | 10.5
Dodging        | 2 3 4 5 6 7 |  7.8
Fighting       | 1 2 4 5 6 7 8 9 |  9.3
Shields        | 1 2 3 4 5 6 |  6.0
Staves         | 2 3 4 5 6 7 8 |  8.0
Evocations     | 2 3 4 5 6 7 8 |  8.2
Polearms       | 1 |  1.7
Stealth        | |  1.7

Action                     |  1- 3 |  4- 6 |  7- 9 | 10-12 | 13-15 || total
---------------------------+-------+-------+-------+-------+-------++-------
  Melee: Spear             |     5 |       |       |       |       ||     5
         Unarmed           |     3 |       |       |       |       ||     3
         Tailslap          |     2 |     8 |     3 |     7 |    16 ||    36
         Quarterstaff      |    18 |    35 |    38 |       |       ||    91
         Mace              |       |       |    14 |    48 |    17 ||    79
         Lance             |       |       |       |       |    33 ||    33
   Cast: Shock             |    39 |    63 |    58 |    34 |       ||   194
         Static Discharge  |     3 |     6 |    18 |    32 |    44 ||   103
         Airstrike         |       |     2 |    65 |    96 |   148 ||   311
         Lee's Rapid Decon |       |       |    12 |    62 |   112 ||   186
         Stone Arrow       |       |       |     7 |    64 |   278 ||   349
         Sandblast         |       |       |     5 |    60 |   258 ||   323
         Conjure Ball Ligh |       |       |       |       |    30 ||    30
         Passwall          |       |       |       |       |     2 ||     2
  Evoke: Wand              |       |       |     2 |    23 |    21 ||    46
         Condenser vane    |       |       |       |     1 |     1 ||     2
    Use: Scroll            |       |     9 |     6 |     6 |    15 ||    36
         Potion            |       |       |       |     5 |     3 ||     8
   Stab: Sleeping          |       |     1 |       |       |     1 ||     2
 Armour: Skin              |    33 |    47 |   134 |   232 |   403 ||   849
  Dodge: Dodged            |    35 |    35 |   110 |   137 |   292 ||   609
  Block: Buckler           |       |       |       |    16 |    96 ||   112
